 Dungeon Crawl Stone Soup version 0.30-a0-738-g116ff8c4af (webtiles) character file.

Game seed: 4377018426534023020

1185 browni3141 the Scholar of Death (level 8, -1/37 HPs)
             Began as a Felid Necromancer on Feb 4, 2023.
             Was a Follower of Kikubaaqudgha.
             Shot with an arrow by a centaur warrior (19 damage)
             ... on level 8 of the Dungeon.
             The game lasted 00:34:49 (8515 turns).

browni3141 the Scholar of Death (Felid Necromancer) Turns: 8515, Time: 00:34:50

Health: -1/37      AC:  2    Str:  4    XL:     8   Next: 19%
Magic:  3/15       EV: 20    Int: 26    God:    Kikubaaqudgha [*.....]
Gold:   313        SH:  0    Dex: 17    Spells: 4/15 levels left
                                        Lives:  0   Deaths: 2

rFire   . . .      SeeInvis +      - Unarmed
rCold   . . .      Faith    .    (shield unavailable)
rNeg    . . .      Spirit   .    (body armour unavailable)
rPois   .          Reflect  .    (helmet unavailable)
rElec   .          Harm     .    (cloak unavailable)
rCorr   .          Rampage  .    (gloves unavailable)
Will    +....                    (boots unavailable)
Stlth   ++++                     q - amulet of regeneration
HPRegen 1.06/turn                h - +6 ring of intelligence
MPRegen 0.14/turn                (no ring)

@: quick
A: very small, claws 1, fangs 3, see invisible, speed 1, shaggy fur 2, stealthy
paws, no weapons or thrown items, no armour, multi-lived
a: Renounce Religion, Unearth Wretches


You were on level 8 of the Dungeon.
You worshipped Kikubaaqudgha.
Kikubaaqudgha was aware of your devotion.
You visited 2 branches of the dungeon, and saw 10 of its levels.

You collected 445 gold pieces.
You spent 132 gold pieces at shops.

Inventory:

Jewellery
 g - an amulet of magic regeneration
 h - a +6 ring of intelligence (left paw)
 l - an amulet of the acrobat
 p - an amulet of reflection
 q - an amulet of regeneration (around neck)
Wands
 n - a wand of flame (11)
Scrolls
 c - a scroll of amnesia
 e - 2 scrolls of identify
Potions
 d - 3 potions of curing
 f - 5 potions of heal wounds
 i - 2 potions of might
 o - a potion of degeneration


   Skills:
 * Level 5.1 Fighting
 * Level 6.3 Dodging
 * Level 7.3 Stealth
 * Level 5.0 Unarmed Combat
 - Level 4.0 Spellcasting
 * Level 8.5 Necromancy
 * Level 5.2 Evocations


You had 4 spell levels left.
You knew the following spells:

 Your Spells              Type           Power      Damage    Failure   Level
a - Necrotise             Necr           100%       1d9       1%          1
b - Vampiric Draining     Necr           49%        2d9       1%          3
c - Animate Dead          Necr           49%        N/A       2%          4
d - Kiss of Death         Conj/Necr      100%       2d13      1%          1
e - Sublimation of Blood  Necr           49%        N/A       1%          2

Your spell library contained the following spells:

 Spells                   Type           Power      Damage    Failure   Level
 Cigotuvi's Dreadful Rot  Necr/Pois/Air  40%        N/A       4%          2
 Shock                    Conj/Air       20%        1d4       9%          1
 Kindle Blastsparks       Fire/Tloc/Air  10%        2d10      26%         3
 Ozocubu's Armour         Ice            5%         N/A       26%         3
 Swiftness                Air            5%         N/A       26%         3
 Tukima's Dance           Hex            5%         N/A       26%         3
 Airstrike                Air            2%         2d(1-17)  63%         4
 Fulminant Prism          Conj/Hex       2%         3d5       63%         4
 Iskenderun's Mystic Bla  Conj/Tloc      5%         2d3       63%         4
 Agony                    Necr           49%        N/A       7%          5
 Simulacrum               Ice/Necr       13%        N/A       92%         6
 Blade Hands              Tmut           2%         N/A       93%         5
 Lee's Rapid Deconstruct  Erth           2%         3d5*      93%         5
 Metabolic Englaciation   Hex/Ice        2%         N/A       93%         5
 Portal Projectile        Hex/Tloc       Unusable   N/A       N/A         3

Dungeon Overview and Level Annotations

Branches:
Dungeon (9/15)             Temple (1/1) D:4            Lair (0/5) D:9
    Orc: D:9-12

Altars:
Ashenzari
Dithmenos
Elyvilon
Fedhas
Gozag
Hepliaklqana
Kikubaaqudgha
Makhleb
Okawaru
Ru
Sif Muna
Trog
Uskayaw
Vehumet
Wu Jian
Xom
Yredelemnul
The Shining One

Shops:
D:5 **[(

Annotations:
D:6 2 transporters
D:8 exclusions: howler monkey and orc priest
D:9 exclusions: deep elf pyromancer and 1 more exclusion


Innate Abilities, Weirdness & Mutations

You have sharp claws.
You have razor-sharp teeth.
You have supernaturally acute eyesight. (SInv)
You cover ground quickly. (Speed+)
You are covered in thick fur. (AC +2)
Your paws help you pounce on unaware monsters.
You are incapable of wielding weapons or throwing items.
You cannot wear armour.
You gain extra lives every three experience levels.


Message History

The gnoll sergeant completely misses you.
You scratch the gnoll sergeant but do no damage.
The gnoll sergeant is severely wounded.
Your howler monkey zombie closely misses the gnoll sergeant.
The gnoll sergeant closely misses you.
You are too injured to fight recklessly!
Unknown command.
Aiming: Necrotise (safe; 1% risk of failure)
Press: ? - help, Q - select action, (/) - cycle Shift-Dir - straight line, f/p - gnoll sergeant
Aim: a gnoll sergeant, wielding a +0 spear and wearing a +0 ring mail (severely wounded, ally target, chance to affect: 83%)
The gnoll sergeant writhes in agony!
You kill the gnoll sergeant!
Kikubaaqudgha accepts your kill.
The dead are walking!
You hear a loud twanging sound.
The arrow hits your gnoll sergeant zombie!
Things that are here:
a +0 spear; a +0 ring mail You start resting.
You hear a loud twanging sound.
The arrow hits your gnoll sergeant zombie!!
Your gnoll sergeant zombie is destroyed!
You hear two shouts!
You start resting.
Your reaping aura is weakening.
You start resting.
Your reaping aura expires.
HP restored.
A necrophage is nearby!
A necrophage is nearby!
A necrophage is nearby!
The centaur warrior shouts!
The centaur warrior shoots an arrow.
The arrow misses you.
You closely miss the necrophage.
The centaur warrior shoots an arrow.
The arrow hits you!!
Ouch! That really hurt!
The centaur warrior shoots an arrow.
The arrow hits you!!
Ouch! That really hurt!
You die...
Kikubaaqudgha rasps: "You have failed me!
Welcome... death!"

###.## ##..#........
....F### #..#)........
.....>.### ##..#.........
.........### #..Y..........
.......##..####..#..........
.......####......#..........
........ ###...#...........
......... ###n#...$..c..##
########## ##@##.....###
##Z####### #.)## ###.# ###


You could see a centaur warrior, a necrophage (ally target) and a friendly
howler monkey zombie.

Vanquished Creatures
  A two-headed ogre (D:8)
  A wyvern (D:7)
  A yak (D:8)
  A steam dragon (D:8)
  A water moccasin (D:6)
  3 orc warriors
  2 black bears
  A sky beast (D:7)
  2 ogres (D:5)
  An ice beast (D:7)
  A manticore zombie (D:8)
  A centaur (D:8)
  3 kobold brigands
  2 bullfrogs
  A gnoll sergeant (D:8)
  2 scorpions
  A wight (D:6)
  A centaur zombie (D:8)
  A jelly (D:5)
  An orc priest (D:5)
  Crazy Yiuf (D:2)
  A gnoll bouda (D:6)
  2 hounds
  5 orc wizards
  7 gnolls
  4 adders
  An ufetubus (D:5)
  A worm (D:2)
  4 dart slugs
  20 orcs
  6 endoplasms
  4 giant cockroaches
  7 goblins
  4 hobgoblins
  6 jackals (D:1)
  13 kobolds
  8 quokkas
  9 ball pythons
  5 bats
  3 frilled lizards
  3 rats
142 creatures vanquished.

Vanquished Creatures (collateral kills)
  A sky beast (D:8)
  2 phantoms
  2 wights (D:6)
  A howler monkey (D:8)
  An iguana (D:7)
  3 orcs
  A kobold (D:1)
11 creatures vanquished.

Vanquished Creatures (others)
  A manticore (D:8)
  A kobold brigand (D:8)
  A wyvern zombie (D:7)
  A scorpion (D:6)
  A water moccasin zombie (D:6)
  A bullfrog zombie (D:8)
  2 black bear zombies
  A scorpion zombie (D:6)
  An ice beast zombie (D:7)
  An ogre zombie (D:5)
  A gnoll zombie (D:8)
  A shadow imp (D:6)
  An orc (D:8)
  2 kobold zombies (D:6)
  6 orc zombies
22 creatures vanquished.

Grand Total: 175 creatures vanquished

Notes
Turn   | Place    | Note
-------+----------+-------------------------------------------
     0 | D:1      | browni3141 the Felid Necromancer began the quest for the
                  | Orb.
     0 | D:1      | Reached XP level 1. HP: 7/7 MP: 4/4
   138 | D:1      | Reached XP level 2. HP: 11/11 MP: 0/6
   534 | D:1      | Reached XP level 3. HP: 14/14 MP: 2/7
   538 | D:1      | Learned a level 3 spell: Vampiric Draining
  1275 | D:2      | Reached skill level 5 in Necromancy
  1467 | D:2      | Reached XP level 4. HP: 18/18 MP: 0/9
  2106 | D:2      | Found a runed translucent door.
  2107 | D:2      | Noticed Crazy Yiuf
  2141 | D:2      | Found a shimmering blue altar of Sif Muna.
  2326 | D:2      | Killed Crazy Yiuf
  2327 | D:2      | Reached XP level 5. HP: 21/21 MP: 8/10
  2435 | D:3      | Identified the +1 leather armour "Piutow" {rElec rC+}
  2499 | D:3      | Learned a level 4 spell: Animate Dead
  3401 | D:4      | Reached skill level 6 in Necromancy
  3446 | D:4      | Found a bloodstained altar of Trog.
  3720 | D:4      | Noticed a phantom
  3927 | D:5      | Entered Level 5 of the Dungeon
  3927 | D:5      | Found Fin Cuuti's Antique Weapon Shop.
  3927 | D:5      | Found Xoujur's Antique Armour Shop.
  3929 | D:5      | Found Yqoyg's Assorted Antiques.
  3932 | D:5      | Found Haunk's Assorted Antiques.
  3934 | D:5      | Bought a coppery potion for 24 gold pieces
  3934 | D:5      | Bought a bronze wand for 108 gold pieces
  3959 | D:5      | Noticed an ogre
  4004 | D:5      | Killed an ogre
  4005 | D:5      | Reached skill level 1 in Evocations
  4005 | D:5      | Gained mutation: You are covered in thick fur. (AC +2)
                  | [Felid growth]
  4005 | D:5      | Reached XP level 6. HP: 14/24 MP: 4/12
  4053 | D:5      | Found a shimmering blue altar of Sif Muna.
  5148 | D:4      | Reached skill level 7 in Necromancy
  5148 | D:4      | Reached XP level 7. HP: 27/27 MP: 10/14
  5193 | D:4      | Found a hazy altar of Hepliaklqana.
  5303 | D:4      | Found a burning altar of Makhleb.
  5500 | D:4      | Found a staircase to the Ecumenical Temple.
  5632 | Temple   | Entered the Ecumenical Temple
  5751 | Temple   | Became a worshipper of Kikubaaqudgha
  5822 | D:6      | Found a transporter.
  6128 | D:6      | Reached skill level 1 in Unarmed Combat
  6184 | D:6      | Found a transporter.
  6229 | D:6      | Reached skill level 1 in Fighting
  6270 | D:6      | Reached XP level 8. HP: 10/33 MP: 15/15
  6687 | D:7      | Found a hide-covered altar of Uskayaw.
  6706 | D:7      | Reached * piety under Kikubaaqudgha
  6706 | D:7      | Received a gift from Kikubaaqudgha
  6709 | D:7      | Learned a level 1 spell: Kiss of Death
  6712 | D:7      | Learned a level 2 spell: Sublimation of Blood
  6767 | D:7      | Reached skill level 5 in Stealth
  6878 | D:7      | Reached skill level 5 in Dodging
  7296 | D:7      | Reached skill level 8 in Necromancy
  7418 | D:7      | Reached XP level 9. HP: 26/39 MP: 10/16
  7532 | D:8      | Noticed a two-headed ogre
  7586 | D:8      | Killed a two-headed ogre
  7922 | D:8      | Noticed a meliai
  7924 | D:8      | Noticed a two-headed ogre
  7927 | D:8      | Found a shadowy altar of Dithmenos.
  8219 | D:9      | Noticed a deep elf pyromancer
  8251 | D:9      | Found a staircase to the Lair.
  8341 | D:8      | Noticed a centaur warrior
  8357 | D:8      | HP: 1/58 [centaur warrior/staff of poison (3)]
  8358 | D:8      | Killed from afar by an orc priest
  8359 | D:8      | Reached XP level 8. HP: -16/54 MP: 15/15
  8401 | D:8      | Succumbed to a meliai's poison
  8402 | D:8      | Reached XP level 7. HP: -1/33 MP: 4/14
  8465 | D:8      | Reached skill level 5 in Fighting
  8465 | D:8      | Reached skill level 5 in Evocations
  8473 | D:8      | Reached XP level 8. HP: 35/36 MP: 10/15
  8482 | D:8      | Reached skill level 5 in Unarmed Combat
  8515 | D:8      | Shot with an arrow by a centaur warrior

Illustrated notes

Levels and vault maps discovered:
D:1:      moated_graveyard_arrival, layout_basic, serial_forest,
          infiniplex_forest_straight_2, infiniplex_forest_lined_1,
          infiniplex_forest_corner_2, infiniplex_forest_clump_medium,
          infiniplex_forest_clump_long
D:2:      layout_loops_ring, basic_altar, nrook_campfire, skrybe_limestone_x,
          grunt_ministairs_11, minmay_unequal, uniq_crazy_yiuf_cottage
D:3:      mumra_celtic_spiral_tile, layout_basic
D:4:      layout_basic, overflow_temple_1_default,
          nicolae_overflow_hidden_temple, worldfamousw_hep_ancestral_shrine,
          minmay_temple_entry_nine_rooms
D:5:      layout_layer_cave, mainiacjoe_overflow_tiny_flanked,
          minmay_shop_grid_forest
D:6:      gammafunk_steamed_eel, layout_cave_pools
D:7:      layout_basic, nicolae_uskayaw_dance_hall, roderic_roman_lattice
D:8:      cheibrodos_ideogram_h, layout_cave_pods,
          nicolae_overflow_crystal_walls, kennysheep_generic_room_7
D:9:      layout_loops_cross, nicolae_qazlal_scattered_showers,
          erik_lair_orcish_takeover
Temple:   nicolae_temple_godzebo

Skill      XL: |  1  2  3  4  5  6  7  8 |
---------------+-------------------------+-----
Necromancy     | 5 6 7 8 |  8.5
Spellcasting   | 3 4 |  4.0
Evocations     | 1 2 5 4 |  5.2
Dodging        | 4 6 |  6.3
Stealth        | 4 7 |  7.3
Unarmed Combat | 1 5 |  5.0
Fighting       | 5 4 |  5.1

Action                     |  1- 3 |  4- 6 |  7- 9 || total
---------------------------+-------+-------+-------++-------
  Melee: Unarmed           |    32 |    26 |    79 ||   137
         Bite              |     1 |     2 |     3 ||     6
         Punch             |       |       |     3 ||     3
   Cast: Necrotise         |    66 |   107 |   131 ||   304
         Animate Dead      |       |     2 |    10 ||    12
         Vampiric Draining |       |     1 |    28 ||    29
         Kiss of Death     |       |       |     1 ||     1
 Invoke: Unearth Wretches  |       |       |     1 ||     1
  Evoke: Wand              |       |       |     4 ||     4
    Use: Scroll            |       |     4 |     8 ||    12
         Potion            |       |       |     7 ||     7
   Stab: Sleeping          |     5 |     3 |     4 ||    12
         Paralysed         |       |       |     1 ||     1
 Armour: Skin              |     2 |     4 |    18 ||    24
  Dodge: Dodged            |    46 |    34 |   230 ||   310

Table legend: (Time is in decaauts)
 A = Elapsed time spent in this place.
 B = Non-inter-level travel time spent in this place.
 C = Inter-level travel time spent in this place.
 D = Time resting spent in this place.
 E = Time spent auto-exploring this place.
 F = Levels seen in this place.
 G = Mean time per level.
                   A        B        C        D        E       F      G
               +--------+--------+--------+--------+--------+-----+--------+
         Total |   7212 |   6794 |    418 |    578 |   4229 |  10 |  721.2 |
       Dungeon |   7089 |   6697 |    392 |    578 |   4145 |   9 |  787.7 |
        Temple |    122 |     97 |     25 |      0 |     84 |   1 |  122.0 |
               +--------+--------+--------+--------+--------+-----+--------+

Top non-repeatable levels by time:
     D:5: 1127 daAuts
     D:1: 1038 daAuts
     D:2: 1036 daAuts
     D:4: 1036 daAuts
     D:7: 839 daAuts
     D:3: 693 daAuts
     D:8: 637 daAuts
     D:6: 574 daAuts
  Temple: 122 daAuts
     D:9: 105 daAuts
